Map: Croisement de Kairos EC

Players

Sorandom

  • Race: Zerg Zerg
  • League: Diamond
  • Spawn Location: 5:00

Klawer - Winner!

  • Race: Protoss Protoss
  • League: Diamond
  • Spawn Location: 11:00

VOD

Have the link to the VOD?

Description

Time

  • Played on: April 12, 2019, 10:42 p.m.
  • Length: 4:30
Show
View Real Time Build Order
Export as new Build Order

Sorandom Zerg 

Build Orders: Pool First 

Get SALT Encoding   

  12  0:05  Drone  
  13  0:12  Overlord  
  13  0:19  Drone  
  14  0:26  Extractor  
  14  0:27  Extractor  
  14  0:28  Drone  
  13  0:31  Drone  
  16  0:40  Drone  
  17  0:44  Extractor  
  17  0:49  Drone  
  17  0:55  Spawning Pool  
  16  1:01  Drone  
  17  1:12  Drone  
  18  1:30  Hatchery  
  17  1:43  Roach Warren  
  16  1:55  Queen  
  16  2:01  Zergling x2  
  19  2:09  Zergling x4  
  21  2:18  Overlord  
  21  2:38  Roach x2  
  21  2:44  Roach  
  27  2:49  Roach  
  29  2:55  Roach  
  31  2:59  Roach  
  31  3:05  Roach  
  35  3:10  Overlord  
  35  3:19  Zergling x2  
  36  3:39  Roach x2  
  38  3:47  Roach  
  38  3:48  Roach  
  37  3:57  Ravager  
  37  3:59  Zergling x2  
  36  4:04  Zergling x2  
  36  4:05  Zergling x4  
  36  4:07  Zergling x2  
  37  4:11  Zergling x2  
  36  4:25  Ravager  
Show
View Real Time Build Order
Export as new Build Order

Klawer Protoss - Winner!

Build Orders:  

Get SALT Encoding   

  12  0:01  Probe  
  13  0:13  Probe  
  14  0:19  Pylon  
  14  0:25  Probe  
  15  0:33  Probe  
  15  0:39  Gateway  
  15  0:41  Probe  
  16  0:49  Assimilator  
  17  0:51  Probe  
  18  1:03  Probe  
  19  1:05  Assimilator  
  19  1:10  Pylon  
  19  1:21  Probe  
  20  1:30  Cybernetics Core  
  20  1:35  Probe  
  21  1:54  Nexus  
  21  1:57  Probe  
  22  2:09  Probe  
  22  2:10  Warp Gate  
  22  2:14  Robotics Facility  
  23  2:21  Probe  
  24  2:23  Stalker  
  26  2:33  Probe  
  26  2:44  Shield Battery  
  26  2:53  Stalker  
  26  2:58  Probe  
  29  2:59  Immortal  
  29  3:10  Pylon  
  33  3:13  Probe  
  33  3:16  Probe  
  35  3:35  Immortal  
  37  3:50  Probe x2  
  37  4:03  Gateway  
  37  4:07  Gateway  
Tags
 
Add a new tag
Caveats
  • Supply blocks, unpowered buildings, or Contaminate may cause inaccurate times.
  • Supply counts are checked every 10 seconds.